 Dungeon Crawl Stone Soup version 0.21-a0-521-g1cd18d1 (webtiles) character file.

126371 theanonym the Severer (level 17, -1/135 HPs)
             Began as a Human Fighter on Dec 4, 2017.
             Was the Champion of Nemelex Xobeh.
             Slain by Mara (illusionary)
             ... wielding a +2 demon trident of freezing
              (12 damage)
             ... on level 3 of the Shoals on Dec 5, 2017.
             The game lasted 01:33:15 (30853 turns).

theanonym the Severer (Human Fighter)              Turns: 30853, Time: 01:33:16

Health: -1/135     AC: 22    Str: 22    XL:     17   Next: 53%
Magic:  12/23      EV:  9    Int: 13    God:    Nemelex Xobeh [******]
Gold:   1879       SH: 22    Dex: 20    Spells: 2/16 levels left

rFire    . . .     SeeInvis +   a - +2 broad axe (drain)
rCold    . . .     Gourm    .   H - +3 shield of Firuan {rN++ Int+4 SInv}
rNeg     + + .     Faith    .   x - +0 plate armour {18}
rPois    .         Spirit   .   D - +3 crown of Dyrovepreva {rElec Int+2 SInv}
rElec    +         Reflect  +   (no cloak)
rCorr    .         Harm     .   o - +0 pair of gloves
MR       ++...                  b - +1 pair of boots
Stlth    ..........             k - +5 amulet of reflection
HPRegen  0.32/turn              l - ring of Dauthro {MR+ Int-4 Dex+8 Stlth+}
MPRegen  0.18/turn              (no ring)

@: drained
A: no striking features
a: Triple Draw, Deal Four, Stack Five, Renounce Religion


   Skills:
 - Level 12.5(12.3) Fighting
 - Level 18.0(17.7) Axes
 - Level 13.0(12.8) Armour
 + Level 4.6(4.4) Dodging
 - Level 13.0(12.8) Shields
 - Level 8.5(8.3) Invocations


You had 2 spell levels left.
You knew the following spells:

 Your Spells              Type           Power        Failure   Level  Hunger
a - Passage of Golubria   Tloc           N/A          100%        4    #####..
e - Lesser Beckoning      Tloc           #.........   100%        3    ####...
g - Blink                 Tloc           N/A          100%        2    ###....
r - Regeneration          Chrm/Necr      #.........   100%        3    ####...
s - Swiftness             Chrm/Air       #.......     100%        2    ###....

Skill      XL: |  1  2  3  4  5  6  7  8  9 10 11 12 13 14 15 16 17 |
---------------+----------------------------------------------------+-----
Axes           | 3 4 6 7 8 10 11 12 13 14 15 16 17 18 | 18.0
Fighting       | 5 6 7 8 9 10 12 | 12.5
Invocations    | 3 5 7 8 |  8.5
Armour         | 5 7 8 10 11 12 13 | 13.0
Shields        | 5 7 8 9 11 12 13 | 13.0
Dodging        | 4 |  4.6

Action                   |  1- 3 |  4- 6 |  7- 9 | 10-12 | 13-15 | 16-18 || total
-------------------------+-------+-------+-------+-------+-------+-------++-------
Melee: War axe           |   123 |   132 |   229 |       |       |       ||   484
       Broad axe         |       |       |    68 |   663 |  1044 |   763 ||  2538
       Morningstar       |       |       |       |       |    12 |       ||    12
Invok: Deal Four         |       |       |       |       |     1 |       ||     1
       Stack Five        |       |       |       |       |     1 |       ||     1
       Triple Draw       |       |       |       |       |       |     1 ||     1
Evoke: Wand              |       |     1 |     2 |    27 |    11 |     5 ||    46
       Deck              |       |       |    10 |     9 |    35 |    45 ||    99
       Phantom mirror    |       |       |       |       |     1 |       ||     1
  Use: Potion            |       |     2 |     4 |     5 |     1 |     4 ||    16
       Scroll            |       |       |    16 |     6 |    16 |     6 ||    44
 Stab: Paralysed         |       |       |       |    35 |       |       ||    35
       Distracted        |       |       |       |     1 |     5 |     3 ||     9
       Petrified         |       |       |       |       |     8 |     4 ||    12
       Petrifying        |       |       |       |       |     1 |     2 ||     3
       Fleeing           |       |       |       |       |     2 |       ||     2
       Confused          |       |       |       |       |       |     3 ||     3
  Eat: Chunk             |     1 |     3 |     9 |    11 |    16 |    14 ||    54
       Bread ration      |       |     1 |     1 |     1 |     4 |       ||     7
       Meat ration       |       |       |     1 |     1 |       |       ||     2
       Royal jelly       |       |       |     1 |       |       |     5 ||     6
Armor: Scale mail        |    82 |    55 |   142 |    17 |       |       ||   296
       Chain mail        |       |       |       |   144 |       |       ||   144
       Plate armour      |       |       |       |    19 |   213 |   157 ||   389
       Skin              |       |       |       |       |     4 |       ||     4
Dodge: Dodged            |    51 |    39 |    65 |    56 |     5 |    29 ||   245
Block: Shield            |    94 |    73 |   207 |   721 |  1313 |   898 ||  3306
       Reflection        |       |       |     5 |    16 |    47 |    67 ||   135

Inventory:

Hand Weapons
 a - a +2 broad axe of draining (weapon)
   (You found it on level 7 of the Dungeon)
Missiles
 U - 4 throwing nets (quivered) {!f}
Armour
 b - a +1 pair of boots (worn)
   (You found it on level 15 of the Dungeon)
 i - the +18 shield of the Gong {rElec rN+ MR+ EV-5}
   (You found it on level 9 of the Dungeon)

   It affects your evasion (-5).
   It insulates you from electricity.
   It protects you from negative energy.
   It affects your resistance to hostile enchantments.
 o - a +0 pair of gloves (worn)
   (You found it on level 3 of the Dungeon)
 x - a +0 plate armour (worn) {18}
   (You took it off an orc warrior on level 9 of the Dungeon)
 D - the +3 crown of Dyrovepreva (worn) {rElec Int+2 SInv}
   (You found it on level 7 of the Dungeon)

   It affects your intelligence (+2).
   It insulates you from electricity.
   It lets you see invisible.
 H - the +3 shield of Firuan (worn) {rN++ Int+4 SInv}
   (You found it on level 7 of the Dungeon)

   It affects your intelligence (+4).
   It greatly protects you from negative energy.
   It lets you see invisible.
Jewellery
 j - an uncursed ring of protection from magic {MR+}
   (You found it on level 1 of the Lair of Beasts)
 k - a +5 amulet of reflection (around neck)
   (You found it on level 1 of the Dungeon)
 l - the ring of Dauthro (left hand) {MR+ Int-4 Dex+8 Stlth+}
   (You found it on level 9 of the Dungeon)

   [ring of stealth]

   It affects your intelligence (-4).
   It affects your dexterity (+8).
   It affects your resistance to hostile enchantments.
   It makes you more stealthy.
 n - an uncursed ring of poison resistance {rPoisrPois}
   (You found it on level 6 of the Dungeon)
 B - an uncursed ring of ice {rC+ rF-}
   (You took it off Fannar on level 10 of the Dungeon)
 E - an uncursed amulet of regeneration {Regen+}
   (You took it off a human on level 12 of the Dungeon)
 I - an uncursed ring of fire {rF+ rC-}
   (You found it on level 10 of the Dungeon)
Wands
 c - a wand of clouds (6)
   (You found it on level 2 of the Lair of Beasts)
 d - a wand of digging (6)
   (You found it on level 12 of the Dungeon)
 v - a wand of acid (12)
   (You found it on level 4 of the Lair of Beasts)
Scrolls
 f - 2 scrolls of fog {!r}
 h - 15 scrolls of remove curse
 r - 2 scrolls of identify
 s - 5 scrolls of enchant armour
 t - 7 scrolls of teleportation {!r}
 y - 5 scrolls of magic mapping {!r}
 F - 5 scrolls of blinking
 K - 5 scrolls of silence
 V - 3 scrolls of holy word
 W - 5 scrolls of immolation
Potions
 g - a potion of resistance {rF+ rC+}
 p - 2 potions of magic
 q - 4 potions of heal wounds
 u - a potion of flight
 w - 4 potions of curing
 z - 2 potions of ambrosia
 G - a potion of lignification
 L - 2 potions of agility
 M - 3 potions of haste
 N - a potion of mutation
 P - 5 potions of berserk rage {!q}
 S - 3 potions of cancellation
Books
 T - a book of the Earth
   (You took it off Roxanne on level 2 of the Shoals)
Miscellaneous
 m - a plain deck of escape {drawn: 5} {god gift}
   (Nemelex Xobeh gifted it to you on level 3 of the Shoals)
 A - a plain deck of summoning {drawn: 6} {god gift}
   (Nemelex Xobeh gifted it to you on level 2 of the Orcish Mines)
 C - a legendary deck of summoning {drawn: 7} {god gift}
   (Nemelex Xobeh gifted it to you on level 6 of the Lair of Beasts)
 J - a legendary deck of summoning {god gift}
   (Nemelex Xobeh gifted it to you on level 1 of the Shoals)
 O - a phantom mirror
 Q - a plain deck of summoning {drawn: 7} {god gift}
   (Nemelex Xobeh gifted it to you on level 2 of the Lair of Beasts)
 R - an ornate deck of escape {the Shaft, left: 1} {god gift}
   (Nemelex Xobeh gifted it to you on level 12 of the Dungeon)
 X - an ornate deck of summoning {god gift}
   (Nemelex Xobeh gifted it to you on level 1 of the Shoals)
 Y - an ornate deck of escape {drawn: 11} {god gift}
   (Nemelex Xobeh gifted it to you on level 13 of the Dungeon)
 Z - an ornate deck of destruction {drawn: 4} {god gift}
   (Nemelex Xobeh gifted it to you on level 2 of the Shoals)
Comestibles
 e - 13 royal jellies

Dungeon Overview and Level Annotations

Branches:
Dungeon (15/15)            Temple (1/1) D:5            Lair (6/6) D:10
 Shoals (3/4) Lair:3       Spider (1/4) Lair:3        Slime (0/5) Lair:6
    Orc (2/2) D:11            Elf (0/3) Orc:2        Vaults (0/5) D:13
 Depths (0/5) D:15

Altars:
Ashenzari
Dithmenos
Elyvilon
Fedhas
Gozag
Hepliaklqana
Kikubaaqudgha
Makhleb
Nemelex Xobeh
Okawaru
Qazlal
Ru
Sif Muna
Trog
Uskayaw
Vehumet
Wu Jian
Xom
Zin
The Shining One
Beogh

Shops:
D:6 (   D:13 =   Orc:2 }}(

Annotations:
D:4 1 exclusion
D:12 exclusion: orange crystal statue
D:13 wiz ring
Lair:3 exclusion: oklob plant
Lair:6 exclusion: oklob plant
Shoals:3 Mara


You were on level 3 of the Shoals.
You worshipped Nemelex Xobeh.
Nemelex Xobeh was exalted by your worship.
You were not hungry.

You visited 6 branches of the dungeon, and saw 28 of its levels.

You collected 2239 gold pieces.
You spent 360 gold pieces at shops.


Message History

The hornet appears confused.
The hornet misses your hornet.
Your yaktaur captain shoots a bolt.
The bolt hits the hornet!
The bolt disappears in a puff of smoke!
You regained 11 hp, and now have 93/135 hp.
You draw a card...
It is the Dance.
Your yaktaur captain is no longer moving slowly.
Your hornet barely misses the hornet.
The hornet is engulfed in noxious fumes.
The hornet appears confused.
The hornet stings theanonym's illusion but does no damage.
Mara blinks!
The snapping turtle bites you from afar!
You block theanonym's illusion's attack.
Your hornet stings the hornet!
The hornet dies!
The hornet's corpse disappears in a puff of smoke!
Mara hits your hornet with a demon trident of freezing!!
Mara freezes your hornet.
You take 12 damage, and have 81/135 hp.
You draw a card...
It is the Dance.
You block the hornet's attack.
Your yaktaur captain unwields an uncursed arbalest.
Your yaktaur captain hits the snapping turtle!
The snapping turtle dies!
Your hornet stings Mara!
Mara seems to slow down.
The hornet stings you but does no damage.
The merfolk looks very confused.
You block theanonym's illusion's attack.
A snapping turtle comes into view.
You draw a card...
It is the Illusion.
Suddenly you stand beside yourself.
Mara is no longer moving slowly.
Mara gestures at your hornet. The bolt of fire hits your hornet.
Your hornet dies!
Your hornet's corpse disappears in a puff of smoke!
Your hornet stings Mara!
You block the hornet's attack.
Your hand axe of venom hits Mara but does no damage.
Your yaktaur captain wields an uncursed arbalest.
Your yaktaur captain shoots a bolt.
The bolt hits theanonym's illusion.
The bolt disappears in a puff of smoke!
Mara blinks!
Theanonym's illusion hits you! You partially resist.
You feel drained.
You take 10 damage, and have 71/135 hp.
You draw a card...
It is the Elements.
You block the hornet's attack. You block Mara's attack.
Your yaktaur captain unwields an uncursed arbalest.
Your yaktaur captain hits Mara but does no damage.
The hornet stings you but does no damage.
Mara hits your yaktaur captain with a demon trident of freezing!!
Mara freezes your yaktaur captain.
Theanonym's illusion hits you but does no damage.
You partially resist.
You feel drained.
You swap places.
Mara gestures.
Mara seems to draw your yaktaur captain out of itself!
Mara gestures at you. The bolt of fire hits you! You resist.
* * * LOW HITPOINT WARNING * * *
The bolt of fire hits theanonym's illusion.
Theanonym's illusion appears unharmed.
The bolt of fire hits your fire vortex.
Your fire vortex completely resists.
You block the hornet's attack.
Your yaktaur captain hits Mara!
Mara hits your yaktaur captain from afar with a demon trident of freezing!!
Mara freezes your yaktaur captain.
Your yaktaur captain dies!
Your yaktaur captain's corpse disappears in a puff of smoke!
Your hornet closely misses Mara.
Your hornet misses Mara.
Mara hits you from afar with a demon trident of freezing!
* * * LOW HITPOINT WARNING * * *
Mara freezes you!
* * * LOW HITPOINT WARNING * * *
Theanonym's illusion hits theanonym's illusion but does no damage.
You block theanonym's illusion's attack.
Your basilisk barely misses theanonym's illusion.
You take 36 damage, and have 36/135 hp.
MASSIVE DAMAGE!!
You hit Mara.
You hit theanonym's illusion but do no damage.
You miss the hornet.
The yaktaur captain wields an uncursed arbalest.
The yaktaur captain shoots a bolt.
The bolt hits your basilisk!!
The bolt disappears in a puff of smoke!
You block the hornet's attack.
Mara hits you with a demon trident of freezing!!
* * * LOW HITPOINT WARNING * * *
Mara freezes you.
* * * LOW HITPOINT WARNING * * *
Mara points ostentatiously.
Your hornet closely misses Mara.
Your hornet barely misses Mara.
Your hand axe "Zathregex" {speed, rC+ Stlth+} barely misses the hornet.
You take 25 damage, and have 11/135 hp.
Unknown command.
Unknown command.
Put on which piece of jewellery? (? for menu, Esc to quit)
You remove your ring of fire {rF+ rC-}.
Your hornet seems less confused.
You block the hornet's attack.
You block theanonym's illusion's attack.
Theanonym's illusion hits theanonym's illusion but does no damage.
Mara hits you from afar with a demon trident of freezing!
You die...
Your body disappears without a glow.

≈≈≈P≈PPP..##...P ≈≈
≈≈..PP..≈P.#.....P≈
≈≈P..≈.PP≈≈...#.P.≈
≈≈....≈≈≈.PP.##P..P
.(....mP≈≈.........
#.)t...≈.?.........
#.((h.......P..##.≈
##..@yy.......≈≈≈≈≈≈
#..y@@R......≈≈≈...≈
##yvRlc...≈≈≈≈≈..<≈≈
#.......≈≈≈≈≈≈.....
#.....R.≈≈..≈≈..≈.≈
#............≈≈≈..≈
#.......)..<.≈≈≈..≈
#......†...........
#.....≈)≈≈......<..
........≈≈≈≈≈......


You could see 3 Maras, a yaktaur captain, a snapping turtle, a merfolk
(confused), a hornet, theanonym's illusion, a friendly raiju, a friendly
basilisk, 3 friendly hornets, a friendly fire vortex, 2 friendly dancing weapons
and the friendly theanonym's illusion.

Notes
Turn   | Place    | Note
-------+----------+-------------------------------------------
     0 | D:1      | theanonym the Human Fighter began the quest for the Orb.
     0 | D:1      | Reached XP level 1. HP: 18/18 MP: 1/1
   171 | D:1      | Reached XP level 2. HP: 24/24 MP: 2/2
   273 | D:1      | Reached skill level 3 in Axes
   357 | D:1      | Reached XP level 3. HP: 23/29 MP: 3/3
  1137 | D:2      | Found an opulent altar of Gozag.
  1142 | D:2      | Reached skill level 4 in Axes
  1142 | D:2      | Reached XP level 4. HP: 30/35 MP: 4/4
  1353 | D:2      | Reached XP level 5. HP: 22/41 MP: 5/5
  1354 | D:2      | HP: 20/41 [poisoned by a worker ant]
  1360 | D:2      | HP: 14/41 [poisoned by an adder]
  1365 | D:2      | HP: 12/41 [poisoned by an adder]
  1372 | D:2      | HP: 11/41 [poisoned by an adder]
  1420 | D:2      | Reached skill level 5 in Axes
  1956 | D:3      | Noticed a dagger
  1958 | D:3      | Noticed a dagger
  1959 | D:3      | Found a hide-covered altar of Uskayaw.
  2356 | D:3      | HP: 13/41 [gnoll/whip (8)]
  3109 | D:4      | Found a shattered altar of Ashenzari.
  3110 | D:4      | Noticed an ogre
  3129 | D:4      | Killed an ogre
  3129 | D:4      | Reached skill level 6 in Axes
  3129 | D:4      | Reached XP level 6. HP: 44/47 MP: 6/6
  3280 | D:4      | Reached skill level 7 in Axes
  3280 | D:4      | Reached XP level 7. HP: 43/52 MP: 7/7
  3352 | D:4      | Noticed a moth of wrath
  3355 | D:4      | Found a bloodstained altar of Trog.
  3459 | D:4      | HP: 23/52 [ogre/giant club (6)]
  3823 | D:4      | Found a glowing silver altar of Zin.
  3843 | D:4      | HP: 25/78 [ogre/giant club (23)]
  3850 | D:4      | HP: 25/78 [poisoned by an adder]
  4403 | D:5      | Entered Level 5 of the Dungeon
  4436 | D:5      | Reached skill level 8 in Axes
  4724 | D:5      | Found a staircase to the Ecumenical Temple.
  4759 | D:5      | Noticed Blork the orc
  4766 | D:5      | Killed Blork the orc
  4840 | Temple   | Entered the Ecumenical Temple
  4921 | Temple   | Became a worshipper of Nemelex Xobeh the Trickster
  4995 | D:5      | Received a gift from Nemelex Xobeh
  5042 | D:5      | Reached XP level 8. HP: 58/58 MP: 8/8
  5097 | D:5      | HP: 28/58 [orc (2)]
  5102 | D:5      | HP: 12/58 [orc wizard/dagger (4)]
  5109 | D:5      | HP: 29/58 [something/puff of frost (8)]
  5639 | D:6      | Noticed Roxy's ghost (novice FoFi)
  5780 | D:5      | Reached skill level 4 in Fighting
  5881 | D:6      | Found a burning altar of Makhleb.
  5979 | D:6      | Reached skill level 9 in Axes
  6002 | D:6      | Found Qarumnec's Weapon Shop.
  6002 | D:6      | Received a gift from Nemelex Xobeh
  6005 | D:6      | Reached * piety under Nemelex Xobeh
  6160 | D:6      | Found the +4 Vampire's Tooth {vamp}
  6314 | D:6      | Killed Roxy's ghost
  6314 | D:6      | Reached skill level 5 in Fighting
  6314 | D:6      | Reached skill level 10 in Axes
  6314 | D:6      | Reached XP level 9. HP: 62/68 MP: 9/9
  6621 | D:7      | Noticed a hippogriff
  6627 | D:7      | Killed a hippogriff
  6627 | D:7      | Reached skill level 1 in Invocations
  6715 | D:7      | Got a transparent shield
  6730 | D:7      | Identified the +3 shield of Firuan {rN++ Int+4 SInv} (You found it on level 7 of the Dungeon)
  6793 | D:7      | Found the +3 crown of Dyrovepreva {rElec Int+2 SInv}
  6905 | D:6      | Reached skill level 2 in Invocations
  6986 | D:7      | Found an ancient bone altar of Kikubaaqudgha.
  7219 | D:8      | Reached skill level 6 in Fighting
  7295 | D:8      | Found a burning altar of Makhleb.
  7304 | D:8      | Reached skill level 11 in Axes
  7304 | D:8      | Reached skill level 3 in Invocations
  7350 | D:8      | Noticed a two-headed ogre
  7502 | D:8      | Found a radiant altar of Vehumet.
  7551 | D:8      | Noticed a two-headed ogre
  7583 | D:7      | Killed a two-headed ogre
  7583 | D:7      | Reached XP level 10. HP: 76/77 MP: 12/12
  7630 | D:8      | Killed a two-headed ogre
  7630 | D:8      | Reached skill level 7 in Fighting
  7630 | D:8      | Reached skill level 4 in Invocations
  7633 | D:8      | Noticed Psyche
  7645 | D:8      | Killed Psyche
  7740 | D:8      | Reached skill level 12 in Axes
  7741 | D:8      | HP: 34/79 [centaur/arrow (8)]
  7745 | D:8      | Reached skill level 5 in Invocations
  8225 | D:8      | Reached ** piety under Nemelex Xobeh
  8443 | D:8      | Found a glowing golden altar of the Shining One.
  8589 | D:9      | Found an iron altar of Okawaru.
  8938 | D:9      | Noticed a two-headed ogre
  8948 | D:9      | Killed a two-headed ogre
  8955 | D:9      | Found a hazy altar of Hepliaklqana.
  8956 | D:9      | Found a shimmering altar of Xom.
  8956 | D:9      | Noticed a Killer Klown
  8957 | D:9      | Noticed a Killer Klown
  8957 | D:9      | Noticed a spectral ugly thing
  9039 | D:9      | Reached XP level 11. HP: 85/85 MP: 14/14
  9099 | D:9      | Reached skill level 4 in Armour
  9099 | D:9      | Reached skill level 4 in Shields
  9231 | D:9      | Noticed a two-headed ogre
  9243 | D:9      | Killed a two-headed ogre
  9243 | D:9      | Reached skill level 8 in Fighting
  9397 | D:9      | Noticed a four-headed hydra
  9398 | D:9      | Found the +18 shield of the Gong {rElec rN+ MR+ EV-5}
  9398 | D:9      | Noticed a deep elf mage
  9398 | D:9      | Noticed a centaur warrior
  9398 | D:9      | Noticed a swamp dragon
  9398 | D:9      | a deep elf mage changed into a swamp dragon
  9398 | D:9      | a centaur warrior changed into a snapping turtle
  9406 | D:9      | HP: 62/129 [seven-headed hydra (6)]
  9415 | D:9      | HP: 26/86 [nine-headed hydra (3)]
  9726 | D:9      | Noticed a two-headed ogre
  9734 | D:9      | Killed a two-headed ogre
  9734 | D:9      | Reached skill level 13 in Axes
 10118 | D:9      | Reached skill level 5 in Armour
 10126 | D:9      | Reached skill level 5 in Shields
 10127 | D:9      | Noticed a queen ant
 10127 | D:9      | a nine-headed hydra changed into a queen ant
 10144 | D:9      | Killed a queen ant
 10148 | D:9      | Killed a swamp dragon
 10461 | D:9      | Got a flickering platinum ring
 10462 | D:9      | Identified the ring of Dauthro {MR+ Int-4 Dex+8 Stlth+} (You found it on level 9 of the Dungeon)
 10482 | D:9      | Learned a level 2 spell: Blink
 10486 | D:9      | Learned a level 3 spell: Lesser Beckoning
 10491 | D:9      | Learned a level 4 spell: Passage of Golubria
 10574 | D:10     | Entered Level 10 of the Dungeon
 10841 | D:10     | Noticed a two-headed ogre
 10851 | D:10     | Killed a two-headed ogre
 10884 | D:10     | Reached XP level 12. HP: 94/94 MP: 15/15
 11048 | D:10     | Noticed a two-headed ogre
 11073 | D:10     | Killed a two-headed ogre
 11073 | D:10     | Reached skill level 9 in Fighting
 11073 | D:10     | Reached skill level 6 in Armour
 11073 | D:10     | Reached skill level 6 in Shields
 11094 | D:10     | Found a staircase to the Lair.
 11132 | D:10     | Reached *** piety under Nemelex Xobeh
 11470 | D:11     | Reached skill level 14 in Axes
 12527 | D:11     | Found a staircase to the Orcish Mines.
 12715 | Orc:1    | Entered Level 1 of the Orcish Mines
 13328 | Lair:1   | Entered Level 1 of the Lair of Beasts
 13328 | Lair:1   | Noticed Fannar
 13390 | D:10     | Killed Fannar
 13390 | D:10     | Reached skill level 7 in Armour
 13390 | D:10     | Reached skill level 7 in Shields
 13724 | Lair:1   | Noticed a seven-headed hydra
 13742 | Lair:1   | Killed a 19-headed hydra
 13742 | Lair:1   | Reached XP level 13. HP: 89/103 MP: 16/16
 13964 | Lair:1   | Reached skill level 10 in Fighting
 14012 | Lair:1   | Learned a level 2 spell: Swiftness
 14065 | Lair:1   | Noticed Gastronok
 14103 | Lair:1   | Killed Gastronok
 14103 | Lair:1   | Reached skill level 15 in Axes
 14252 | Lair:1   | Received a gift from Nemelex Xobeh
 14788 | Lair:2   | Reached skill level 8 in Armour
 14790 | Lair:2   | Reached skill level 8 in Shields
 15275 | Lair:2   | Reached **** piety under Nemelex Xobeh
 15286 | Lair:2   | Received a gift from Nemelex Xobeh
 15324 | Lair:2   | Noticed a catoblepas
 15342 | Lair:2   | Killed a catoblepas
 16184 | Lair:3   | Received a gift from Nemelex Xobeh
 16202 | Lair:3   | Found a hole to the Spider Nest.
 16288 | Lair:3   | Noticed a six-headed hydra
 16295 | Lair:3   | Killed a six-headed hydra
 16945 | Lair:3   | Found a staircase to the Shoals.
 17015 | Lair:4   | Noticed Rupert
 17034 | Lair:4   | HP: 44/104 [Rupert/great mace of protection (21)]
 17041 | Lair:4   | Killed Rupert
 17331 | Lair:4   | Reached XP level 14. HP: 105/111 MP: 18/18
 17600 | Lair:4   | Reached skill level 9 in Armour
 17793 | Lair:4   | Reached ***** piety under Nemelex Xobeh
 18043 | Lair:4   | Reached skill level 16 in Axes
 18043 | Lair:4   | Reached skill level 9 in Shields
 18047 | Lair:4   | Reached skill level 6 in Invocations
 18911 | Lair:5   | Received a gift from Nemelex Xobeh
 19266 | Lair:6   | Entered Level 6 of the Lair of Beasts
 19294 | Lair:5   | HP: 54/111 [eight-headed hydra (9)]
 19595 | Lair:6   | Reached skill level 7 in Invocations
 19817 | Lair:6   | Found a staircase to the Slime Pits.
 19952 | Lair:6   | Received a gift from Nemelex Xobeh
 20122 | Lair:6   | Noticed a dire elephant
 20149 | Lair:6   | Killed a dire elephant
 20149 | Lair:6   | Reached skill level 10 in Armour
 20205 | Lair:6   | Reached XP level 15. HP: 109/117 MP: 20/20
 20220 | Lair:6   | Reached skill level 10 in Shields
 20227 | Lair:6   | Learned a level 3 spell: Regeneration
 20646 | D:12     | Received a gift from Nemelex Xobeh
 20667 | D:12     | Reached skill level 17 in Axes
 21047 | D:12     | Noticed Roxy's ghost (journeyman FoFi)
 21063 | D:12     | Reached skill level 8 in Invocations
 21112 | D:12     | Killed Roxy's ghost
 21348 | D:13     | Found Hicyrph's Jewellery Shoppe.
 21402 | D:13     | Received a gift from Nemelex Xobeh
 21585 | D:13     | Noticed Josephine
 21599 | D:13     | Killed Josephine
 22426 | D:13     | HP: 38/117 [orc sorcerer/bolt of fire (43)]
 22453 | D:13     | HP: 24/117 [orc sorcerer/bolt of fire (6)]
 22801 | D:13     | Found a gate to the Vaults.
 23085 | D:14     | Received a gift from Nemelex Xobeh
 23429 | D:14     | Found a shadowy altar of Dithmenos.
 23640 | D:14     | Reached skill level 11 in Armour
 23673 | D:14     | Reached skill level 11 in Shields
 23816 | D:14     | Received a gift from Nemelex Xobeh
 23970 | D:15     | Entered Level 15 of the Dungeon
 23978 | D:15     | Noticed Sonja
 23989 | D:15     | HP: 58/117 [tengu warrior/dire flail (7)]
 24015 | D:15     | Killed Sonja
 24017 | D:15     | HP: 50/117 [hornet[the player character] (1)]
 24177 | D:15     | Reached XP level 16. HP: 100/123 MP: 22/22
 24185 | D:15     | Reached skill level 18 in Axes
 24548 | D:15     | Reached skill level 11 in Fighting
 24680 | D:15     | Found a staircase to the Depths.
 25031 | Orc:2    | Entered Level 2 of the Orcish Mines
 25284 | Orc:2    | Found a staircase to the Elven Halls.
 25608 | Orc:2    | Received a gift from Nemelex Xobeh
 25756 | Orc:2    | Reached skill level 12 in Armour
 25908 | Orc:2    | Found a roughly hewn altar of Beogh.
 25965 | Orc:2    | Reached skill level 12 in Shields
 25975 | Orc:2    | Found Geocanug's Armour Emporium.
 26033 | Orc:2    | Found Ceolew's Weapon Shop.
 26716 | Orc:2    | Found a roughly hewn altar of Beogh.
 26723 | Orc:2    | Found Ysuver's Gadget Emporium.
 26728 | Orc:2    | Bought a wand of clouds (4) for 360 gold pieces
 26733 | Orc:2    | Found Elaumy's Gadget Shoppe.
 27135 | Orc:2    | Upgraded the game from 0.21-a0-518-g43a1781 to 0.21-a0-521-g1cd18d1
 27301 | Spider:1 | Entered Level 1 of the Spider Nest
 27345 | Lair:3   | HP: 63/127 [poisoned by a wolf spider]
 27350 | Lair:3   | HP: 61/127 [poisoned by a wolf spider]
 27356 | Lair:3   | HP: 60/127 [poisoned by a wolf spider]
 27362 | Lair:3   | HP: 59/127 [poisoned by a wolf spider]
 27370 | Lair:3   | HP: 60/127 [poisoned by a wolf spider]
 27597 | Spider:1 | HP: 63/127 [disintegration (44)]
 27602 | Lair:3   | HP: 43/127 [poisoned by a wolf spider]
 28072 | Shoals:1 | Entered Level 1 of the Shoals
 28098 | Shoals:1 | Reached skill level 12 in Fighting
 28104 | Shoals:1 | HP: 63/127 [merfolk siren/trident (11)]
 28107 | Shoals:1 | Reached XP level 17. HP: 66/133 MP: 23/23
 28112 | Shoals:1 | HP: 54/133 [manticore/volley of spikes (14)]
 28125 | Shoals:1 | HP: 50/133 [merfolk impaler/trident of flaming (7)]
 28129 | Shoals:1 | HP: 5/133 [water nymph/the raging water (24)]
 28134 | Shoals:1 | HP: 14/133 [merfolk impaler/trident of flaming (4)]
 28140 | Shoals:1 | HP: 47/133 [barbs]
 28145 | Shoals:1 | HP: 57/133 [snapping turtle (4)]
 28188 | Shoals:1 | HP: 48/133 [faun/uncursed spear (8)]
 28525 | Shoals:1 | Received a gift from Nemelex Xobeh
 28780 | Shoals:1 | Received a gift from Nemelex Xobeh
 29029 | Shoals:2 | HP: 62/133 [merfolk/trident (11)]
 29284 | Shoals:2 | Received a gift from Nemelex Xobeh
 29319 | Shoals:2 | HP: 59/134 [merfolk/trident (9)]
 29331 | Shoals:2 | HP: 51/134 [merfolk/trident (2)]
 29353 | Shoals:2 | Reached skill level 13 in Armour
 29438 | Shoals:2 | Reached skill level 13 in Shields
 29784 | Shoals:2 | Reached ****** piety under Nemelex Xobeh
 29800 | Shoals:2 | Noticed Roxanne
 29812 | Shoals:2 | Reached skill level 1 in Dodging
 29819 | Shoals:2 | Killed Roxanne
 29819 | Shoals:2 | Reached skill level 2 in Dodging
 29857 | Shoals:2 | Reached skill level 3 in Dodging
 30352 | Shoals:2 | HP: 63/135 [drowned by a drowned soul[a merfolk avatar] (13)]
 30359 | Shoals:2 | HP: 50/135 [drowned by a drowned soul[a merfolk avatar] (15)]
 30776 | Shoals:3 | Received a gift from Nemelex Xobeh
 30789 | Shoals:3 | Reached skill level 4 in Dodging
 30801 | Shoals:3 | HP: 58/135 [manticore/volley of spikes (20)]
 30808 | Shoals:3 | Noticed Mara
 30811 | Shoals:3 | Noticed theanonym's illusion
 30826 | Shoals:3 | HP: 24/135 [Mara (illusionary)/bolt of fire (33)]
 30838 | Shoals:3 | HP: 39/135 [snapping turtle (19)]
 30851 | Shoals:3 | HP: 55/135 [Mara/bolt of fire (17)]
 30852 | Shoals:3 | HP: 15/135 [Mara/demon trident of freezing (21)]
 30853 | Shoals:3 | Slain by Mara (illusionary)

Vanquished Creatures
  Rupert (Lair:4)
  Gastronok (Lair:1)
  An orc warlord (Orc:2)
  An entropy weaver (Spider:1)
  A merfolk javelineer (Shoals:2)
  A merfolk impaler (Shoals:1)
  Josephine (D:13)
  An ogre mage (D:15)
  Fannar (D:10)
  The ghost of Roxy the Basher, a journeyman FoFi of the Shining One (D:12)
  4 vault guards (D:13)
  3 hydras
  A catoblepas (Lair:2)
  2 merfolk avatars
  A merfolk aquamancer (Shoals:2)
  13 two-headed ogres
  A death yak (Lair:6)
  2 tengu warriors (D:15)
  A queen ant (D:9)
  5 orc high priests (Orc:2)
  Sonja (D:15)
  The ghost of Roxy the Basher, a novice FoFi of the Shining One (D:6)
  2 sea snakes (Shoals:1)
  3 unseen horrors
  A swamp dragon (D:9)
  3 lindwurms
  5 wolf spiders
  5 orc knights
  A mana viper (Shoals:2)
  3 deep elf magi
  6 manticores
  4 orc sorcerers
  14 elephants
  2 wolf spider zombies
  5 ugly things
  A cyclops (D:14)
  3 fauns
  A black mamba (Lair:1)
  2 centaur zombies
  11 spiny frogs
  4 water nymphs
  4 merfolk sirens
  4 gargoyles
  2 rime drakes
  A yaktaur (D:13)
  7 komodo dragons
  A tengu conjurer (D:13)
  2 demonic crawlers (D:15)
  A freezing wraith (D:13)
  3 jumping spiders (Spider:1)
  6 trolls
  A queen bee (D:11)
  A polar bear (Lair:5)
  4 merfolk
  3 wind drakes (Shoals:2)
  2 tyrant leeches (D:15)
  10 blink frogs
  A slime creature (D:9)
  12 dream sheep
  8 hippogriffs
  4 snapping turtles
  6 redbacks
  2 shadows (D:13)
  A tarantella (Lair:3)
  3 wraiths (D:13)
  24 yaks
  A spriggan (D:12)
  2 vampires (D:11)
  A water elemental (Shoals:3)
  2 wyverns
  A fire bat (D:15)
  A human (D:12)
  5 basilisks
  2 hungry ghosts
  16 vampire mosquitoes
  3 wargs (Orc:2)
  A soldier ant (D:9)
  8 water moccasins
  14 porcupines
  34 orc warriors
  3 ice beasts
  2 phantoms
  5 sky beasts
  2 necrophages
  3 black bears
  19 ogres
  7 centaurs
  12 wolves (Lair:6)
  12 crocodiles
  2 big kobolds
  Blork the orc (D:5)
  24 bullfrogs
  4 scorpions
  14 wights
  30 killer bees
  5 vampire bats
  4 electric eels
  2 howler monkeys
  4 crimson imps
  A quasit (D:8)
  2 bullfrog zombies
  4 jellies
  3 centaur skeletons
  33 orc priests
  8 hounds
  11 orc wizards
  5 iguanas
  15 worker ants
  2 hell rats (D:15)
  A howler monkey zombie (D:5)
  3 worker ant zombies
  14 adders
  3 gnolls (D:3)
  4 river rats (D:15)
  5 shadow imps
  An ooze (D:2)
  An adder zombie (D:6)
  2 adder skeletons
  12 worms
  A dart slug (D:1)
  6 leopard geckos
  98 orcs
  5 ball pythons
  17 giant cockroaches
  6 hobgoblins
  14 jackals
  7 quokkas
  19 bats
  8 frilled lizards
  12 goblins
  A jackal skeleton (D:5)
  11 kobolds
  A leopard gecko skeleton (D:8)
  A quokka skeleton (D:5)
  18 rats
  2 butterflies
  4 plants
841 creatures vanquished.

Vanquished Creatures (collateral kills)
  Roxanne (Shoals:2)
  A dire elephant (Lair:6)
  An ettin (D:15)
  3 merfolk impalers
  A catoblepas (Lair:6)
  A centaur warrior (D:13)
  4 hydras
  A merfolk avatar (Shoals:2)
  A death knight (D:13)
  A merfolk aquamancer (Shoals:3)
  A two-headed ogre (D:7)
  A deep troll shaman (Lair:6)
  3 death yaks (Lair:6)
  A skeletal warrior (D:13)
  7 sea snakes
  A deep elf archer (D:15)
  A swamp dragon (Shoals:2)
  An orc knight (D:15)
  2 ugly things (D:15)
  A faun (Shoals:2)
  A moth of wrath (Shoals:2)
  4 manticores
  A water nymph (Shoals:1)
  A spiny frog (Lair:5)
  2 freezing wraiths (D:13)
  7 merfolk
  A wind drake (Shoals:3)
  3 blink frogs
  2 dream sheep (Lair:5)
  A hippogriff (Lair:4)
  3 snapping turtles
  3 water elementals (Shoals:3)
  A yak (Lair:5)
  A wyvern (Lair:4)
  2 vampire mosquitoes (D:15)
  A warg (D:15)
  2 water moccasins (Lair:5)
  A centaur (D:15)
  A crocodile (Lair:5)
  2 bullfrogs
  2 killer bees (D:8)
  A wight (D:15)
  A jelly (D:15)
  An orc wizard (D:5)
  An orc (D:15)
80 creatures vanquished.

Vanquished Creatures (others)
  A merfolk javelineer (Shoals:2)
  2 centaur warriors (D:14)
  A hell knight (D:15)
  A faun (Shoals:2)
  2 ugly things (D:15)
  Psyche (D:8)
  A blink frog (Lair:5)
  A yak (Lair:5)
  A hungry ghost (D:15)
  2 orc warriors
  2 centaurs
  A bullfrog (D:15)
  A killer bee (D:8)
  A wight (D:15)
  A jelly (D:15)
  2 orc priests
  An orc wizard (D:14)
  A ball lightning (D:15)
  5 orcs
  8 fungi
  41 plants
77 creatures vanquished.

Grand Total: 998 creatures vanquished

Table legend:
 A = Turns spent in this place as a percentage of turns spent in the entire game.
 B = Non-inter-level travel turns spent in this place as a percentage of non-inter-level travel turns spent in the entire game.
 C = Inter-level travel turns spent in this place as a percentage of turns spent in this place.
 D = Turns resting spent in this place as a percentage of non-inter-level travel turns spent in this place.
 E = Turns spent auto-exploring this place as a percentage of non-inter-level travel turns spent in this place.
 F = Non-inter-level travel turns spent in this place divided by the number of levels of this place that you've seen.
                   A       B       C       D       E      F
               +-------+-------+-------+-------+-------+----------------------
         Total | 100.0 | 100.0 |   6.0 |  31.9 |  47.3 | 1035.4
       Dungeon |  58.0 |  57.7 |   6.5 |  31.7 |  46.8 | 1115.1
        Temple |   0.3 |   0.2 |  32.0 |   0.0 |  95.5 |  66.0
          Lair |  24.8 |  24.5 |   7.0 |  30.9 |  51.9 | 1183.8
        Shoals |   9.0 |   9.5 |   1.4 |  48.5 |  32.6 | 913.7
   Spider Nest |   0.1 |   0.1 |   0.0 |   0.0 |   0.0 |  43.0
  Orcish Mines |   7.8 |   8.0 |   3.8 |  18.0 |  53.4 | 1156.0
               +-------+-------+-------+-------+-------+----------------------
